 Dungeon Crawl Stone Soup version 0.31.0-1-g2c135a008e (webtiles) character file.

Game seed: 15006359404733577392

212 qw the Shooter (level 6, -4/46 HPs)
             Began as a Djinni Hunter on Jan 24, 2024.
             Killed by divine providence
             ... invoked by an orc priest
              (13 damage)
             ... on level 4 of the Dungeon.
             The game lasted 00:00:10 (2617 turns).

qw the Shooter (Djinni Hunter)                      Turns: 2617, Time: 00:00:10

Health: -4/46      AC:  5    Str: 10    XL:     6   Next: 14%
Gold:   130        EV: 11    Int: 11    God:
                   SH:  0    Dex: 18

rFire   + + .        a - +0 shortbow
rCold   x . .        (shield currently unavailable)
rNeg    . . .        h - +0 ring mail
rPois   inf          (no helmet)
rElec   .            (no cloak)
rCorr   .            (no gloves)
SInv    .            (boots unavailable)
Will    .....        (no amulet)
Stlth   +            (no ring)
HPRegen 0.27/turn    (no ring)
MPRegen 0.00/turn

%: infuse magic (-5 HP)
@: flying
A: sickness immunity, fire resistance 2, cold vulnerability 1, float, innate
caster, HP casting, extra vitality 1
a: no special abilities


You were on level 4 of the Dungeon.
You visited 1 branch of the dungeon, and saw 4 of its levels.

You collected 130 gold pieces.


Innate Abilities, Weirdness & Mutations

You are immune to sickness and miasma.
You are immune to poison.
Your flesh is very heat resistant. (rF++)
You are vulnerable to cold. (rC-)
You float through the air rather than walking.
You learn spells naturally, not from books.
Your magical power is your life essence.
You have superior vitality. (+4 MHP)


   Skills:
 - Level 3.0 Fighting
 - Level 5.1 Ranged Weapons
 - Level 1.4 Armour
 + Level 2.5 Dodging
 - Level 0.7 Stealth


You knew the following spells:

 Your Spells              Type           Power      Damage    Failure   Level
a - Slow                  Hex            0%         N/A       65%         1
b - Scorch                Fire           0%         2d5       80%         2
Your spell library was empty.

Inventory:

Hand Weapons
 a - a +0 shortbow (weapon)
Armour
 h - a +0 ring mail (worn)
Scrolls
 f - 2 scrolls of teleportation {unknown}
 k - a scroll of identify
Potions
 b - 2 potions of degeneration {unknown}
 c - a potion of magic {unknown}
 d - 2 potions of curing
 e - a potion of haste {unknown}
 g - 2 potions of resistance
 i - a potion of heal wounds {unknown}
 j - a potion of brilliance {unknown}

Dungeon Overview and Level Annotations

Branches:
Dungeon (4/15)
 Temple: D:4-7

Altars:

Shops:
D:1 =   D:3 (


Message History

The endoplasm is heavily wounded.
The endoplasm barely misses you.
A hound comes into view.
The endoplasm hits you but does no damage.
An orc priest comes into view. It is wielding a +0 short sword.
You shoot an arrow. The arrow hits the endoplasm.
The endoplasm is almost dead.
The endoplasm barely misses you.
You shoot an arrow. The arrow barely misses the endoplasm.
The endoplasm hits you but does no damage.
The orc closely misses you.
You shoot an arrow. The arrow barely misses the endoplasm.
The arrow barely misses the hound.
The endoplasm closely misses you. The orc barely misses you.
The orc hits you with a +0 dagger. The endoplasm freezes you.
You are frozen.
You feel a terrible chill!
You shoot an arrow. The arrow hits the endoplasm.
You kill the endoplasm!
The orc closely misses you. The hound barely misses you.
You shoot an arrow. The arrow closely misses the hound.
The hound bites you but does no damage. The orc closely misses you.
The hound barely misses you.
You shoot an arrow.
The arrow hits the hound but does no damage.
The hound bites you but does no damage.
The orc priest looks satisfied for a moment.
The orc barely misses you. The hound bites you.
You shoot an arrow. The arrow misses the hound.
The hound bites you but does no damage. The orc hits you with a +0 flail.
The orc priest calls down the wrath of Beogh upon you.
Beogh smites you! The hound bites you.
You shoot an arrow. The arrow closely misses the hound.
The hound bites you. The orc hits you with a +0 flail.
The hound barely misses you.
You shoot an arrow. The arrow misses the hound.
The hound barely misses you.
The orc priest mumbles some strange prayers to Beogh against you.
Beogh smites you!
You die...

#..... ..
... #......
.......
.#.....
##o......
#oho..# ###
#@# ####..
##.#
###.....
#..#
###.......
.######.##
##.........
........##
#..........
#######..##
#..........
#....##
##.........
######
#.....##
#.........
####....#
#......#
##........


You could see a hound, an orc priest and 2 orcs.

Vanquished Creatures
  A phantom (D:4)
  A bombardier beetle (D:3)
  3 adders
  A dart slug (D:2)
  A ribbon worm (D:2)
  5 orcs
  7 bats
  7 endoplasms
  3 giant cockroaches
  3 hobgoblins
  7 jackals (D:2)
  3 quokkas
  2 ball pythons
  3 frilled lizards
  4 goblins
  7 kobolds
  A rat (D:2)
59 creatures vanquished.

Notes
Turn   | Place    | Note
-------+----------+-------------------------------------------
     0 | D:1      | qw the Djinni Hunter began the quest for the Orb.
     0 | D:1      | Reached XP level 1. HP: 18/18 MP: 0/0
     0 | D:1      | 0 ||| qw: Version: 0.3-a-136-gdd3b4e8
     0 | D:1      | 0 ||| qw: Game counter: 1402
     0 | D:1      | 0 ||| qw: Melee chars always use a shield: true
     0 | D:1      | 0 ||| qw: God list: Okawaru
     0 | D:1      | 0 ||| qw: Allow faded altars: false
     0 | D:1      | 0 ||| qw: Do Orc after clearing Dungeon:15 true
     0 | D:1      | 0 ||| qw: Do second Lair branch before Depths: true
     0 | D:1      | 0 ||| qw: Lair rune preference: random
     0 | D:1      | 0 ||| qw: Goals: Normal
     0 | D:1      | 0 ||| PLANNING D:1-11
    61 | D:1      | Found Citheb's Jewellery Shop.
    71 | D:1      | 71 ||| SHOPLISTING amulet of reflection (420 gold, have 0).
    71 | D:1      | 71 ||| SHOPLISTING ring of Inaej Pox {rC+ Str+3 Dex+6} (788
                  | gold, have 0).
    71 | D:1      | 71 ||| SHOPLISTING ring of positive energy (280 gold, have
                  | 0).
   102 | D:1      | Reached XP level 2. HP: 18/23 MP: 0/0
   824 | D:1      | 824 ||| UPGRADING to +0 ring mail.
   834 | D:1      | 834 ||| DROPPING +0 leather armour.
   835 | D:1      | 835 ||| READING 3 scrolls labelled AWADES ETHRAM.
   835 | D:1      | 835 ||| IDENTIFYING smoky red potion
   836 | D:1      | 836 ||| READING 2 scrolls of identify.
   836 | D:1      | 836 ||| IDENTIFYING dark potion
   837 | D:1      | 837 ||| READING scroll of identify.
   837 | D:1      | 837 ||| IDENTIFYING murky coppery potion
   838 | D:1      | 838 ||| DROPPING scroll of butterflies.
   839 | D:1      | 839 ||| DROPPING potion of lignification.
   864 | D:2      | 864 ||| STAIRDANCE
   868 | D:2      | 868 ||| STAIRDANCE
   872 | D:2      | 872 ||| STAIRDANCE
   921 | D:2      | Reached skill level 4 in Ranged Weapons
   921 | D:2      | Reached XP level 3. HP: 17/28 MP: 0/0
   921 | D:2      | Learned a level 1 spell: Slow
  1024 | D:2      | 1024 ||| RETREEEEATING.
  1032 | D:2      | Reached skill level 1 in Armour
  1093 | D:2      | Reached XP level 4. HP: 33/33 MP: 0/0
  1384 | D:2      | 1384 ||| READING scroll labelled SUGUAZ MIEJEESK.
  1385 | D:2      | 1385 ||| READING scroll labelled FESCHE DIMOUPU.
  1386 | D:2      | 1386 ||| READING scroll labelled YGEIXEKUEFF.
  1487 | D:2      | 1487 ||| READING scroll labelled QEOSKU PUNIHEA.
  1709 | D:3      | Found Ocerequa's Antique Weapon Emporium.
  1722 | D:3      | 1722 ||| SHOPLISTING shimmering shortbow (200 gold, have
                  | 123).
  1969 | D:3      | Reached skill level 3 in Fighting
  2176 | D:4      | Noticed a phantom
  2177 | D:4      | 2177 ||| STAIRDANCE
  2181 | D:4      | 2181 ||| STAIRDANCE
  2192 | D:3      | Reached XP level 5. HP: 29/40 MP: 0/0
  2192 | D:3      | Learned a level 2 spell: Scorch
  2275 | D:4      | Killed a phantom
  2276 | D:4      | Reached skill level 5 in Ranged Weapons
  2276 | D:4      | Reached XP level 6. HP: 13/46 MP: 0/0
  2278 | D:4      | HP: 11/46 [adder (3)]
  2615 | D:4      | HP: 11/46 [hound (2)]
  2617 | D:4      | Killed from afar by an orc priest

Levels and vault maps discovered:
D:1:      minmay_arrival_plants_in_alcoves, layout_loops_ring, serial_shops,
          nicolae_shop_gaudy_bauble, serial_aquarium,
          aquarium_bridge_long_joined [aquarium_subvault_bridge,
          aquarium_subvault_balcony, aquarium_subvault_balcony,
          aquarium_subvault_window, aquarium_subvault_balcony,
          aquarium_subvault_balcony], aquarium_window_corner,
          aquarium_window_fake, aquarium_window_fake, aquarium_window_1,
          aquarium_view_2g, aquarium_view_2a, aquarium_balcony_5b,
          aquarium_pool_2, minivault_19, minmay_heptomino_l4
D:2:      layout_rooms, minmay_misc_feat_rows
D:3:      layout_loops_cross, serial_shops, nicolae_shop_window_shopping
D:4:      layout_cave_pods, uniq_grinder, uniq_pikel

Skill      XL: |  1  2  3  4  5 |
---------------+----------------+-----
Ranged Weapons | 4 5 |  5.1
Armour         | 1 |  1.4
Fighting       | 3 |  3.0
Dodging        | |  2.5
Stealth        | |  0.7

Action                     |  1- 3 |  4- 6 || total
---------------------------+-------+-------++-------
   Fire: Shortbow          |    78 |   117 ||   195
    Use: Scroll            |     3 |     4 ||     7
 Armour: Leather armour    |    11 |       ||    11
         Ring mail         |    27 |    86 ||   113
  Dodge: Dodged            |    42 |    85 ||   127

Table legend:
 A = Non-vault XP
 B = Vault XP
 C = Vault XP percentage of total XP
 D = Non-vault monster count
 E = Vault monster count
 F = Vault count percentage of total count
                 A         B        C        D         E       F
            +---------+---------+-------+---------+---------+-------
      Total |     301 |       3 |   1.0 |      57 |       2 |   3.4
            +---------+---------+-------+---------+---------+-------
        D:1 |      17 |       3 |  15.0 |      11 |       2 |  15.4
        D:2 |      77 |       0 |   0.0 |      27 |       0 |   0.0
        D:3 |      75 |       0 |   0.0 |      14 |       0 |   0.0
        D:4 |     132 |       0 |   0.0 |       5 |       0 |   0.0
            +---------+---------+-------+---------+---------+-------
